Cogmind - Beta 13 @@@ ROGUE MODE // 2024.04.06 @ 15:57:43 Player: bruderalex Result: Self-destructed Performance ------------- Evolutions (1) 500 Regions Visited (6) 1200 Robots Destroyed (30) 150 Value Destroyed (570) 570 Prototype IDs (1) 20 Alien Tech Used (0) 0 Bonus (600) 600 TOTAL SCORE: 3040 Bonus ------- Met Imprinter 300 Was Imprinted 300 Cogmind --------- Core Integrity 150/400 Matter 400/400 Energy 100/100 System Corruption 0% Temperature Cool (0) Movement Core (150) Ox2 Location -6/Proximity Caves Parts ------- > --- POWER (1) -------- (None) > --- PROPULSION (3) --- (None) > --- UTILITY (2) ------ Small Storage Unit Medium Matter Pod > --- WEAPON (3) ------- (None) > --- INVENTORY (8) ---- Light Nuclear Core Compact Wheel Compact Wheel Spectral Analyzer Bomb Drone Bay Peak State ------------ > --- POWER ------------ Ion Engine > --- PROPULSION ------- Compact Wheel > --- UTILITY ---------- Small Storage Unit Medium Matter Pod > --- WEAPON ----------- Light Assault Rifle Light Assault Rifle RU-N14's Throwing Claymores > --- INVENTORY -------- Light Nuclear Core Compact Wheel Compact Wheel Spectral Analyzer Bomb Drone Bay [Rating: 15] Favorites ----------- Power Ion Engine Engine Ion Engine Propulsion Compact Wheel Treads Light Treads Leg Carbon-fiber Leg Wheel Compact Wheel Flight Unit Flight Unit Utility Small Storage Unit Storage Small Storage Unit Weapon Light Assault Rifle Energy Gun EM Pulse Gun Ballistic Gun Light Assault Rifle Special Weapon RU-N14's Throwing Claymores Build | -11 -10 -10 -9 -9 -7 -6 ------- Run | Yrd Mat Min Mat Min Zio Pro Slots Evolved 2 | . . . 2 . . . Power . | . . . . . . . Propulsion 1 | . . . 1 . . . Utility . | . . . . . . . Weapon 1 | . . . 1 . . . Parts Attached 24 | 6 5 4 6 . . 3 Power 2 | 1 . 1 . . . . Engine 2 | 1 . 1 . . . . Core . | . . . . . . . Reactor . | . . . . . . . Propulsion 11 | 2 2 1 5 . . 1 Treads 2 | 2 . . . . . . Leg 1 | . . . . . . 1 Wheel 4 | . . . 4 . . . Hover . | . . . . . . . Flight 4 | . 2 1 1 . . . Utility 3 | 1 2 . . . . . Device . | . . . . . . . Storage 3 | 1 2 . . . . . Processor . | . . . . . . . Hackware . | . . . . . . . Protection . | . . . . . . . Artifact . | . . . . . . . Weapon 8 | 2 1 2 1 . . 2 Energy Gun 1 | . . . 1 . . . Energy Cannon . | . . . . . . . Ballistic Gun 6 | 2 1 2 . . . 1 Ballistic Cannon . | . . . . . . . Launcher . | . . . . . . . Special Weapon 1 | . . . . . . 1 Impact Weapon . | . . . . . . . Slashing Weapon . | . . . . . . . Piercing Weapon . | . . . . . . . Special Melee Weapon . | . . . . . . . Unidentified Prototypes 1 | . . . . . . 1 Parts Lost 12 | . 1 1 1 . . 9 Power 1 | . . . . . . 1 Propulsion 5 | . . . 1 . . 4 Utility . | . . . . . . . Weapon 6 | . 1 1 . . . 4 Highest Loss Streak 5 | . 1 1 1 . . 5 To Critical Strikes . | . . . . . . . Average Slot Usage (%) 97 | . 98 99 92 100 100 67 Engine 11 | . 14 14 11 11 11 9 Treads 2 | . 21 . . . . . Wheel 23 | . . . 28 33 33 16 Flight 4 | . 5 28 2 . . . Storage 23 | . 27 28 22 22 22 22 Energy Gun 7 | . . . 6 11 11 2 Ballistic Gun 22 | . 27 27 22 22 22 11 Naked Turns . | . . . . . . . Heaviest Build 22 | 13 15 14 16 16 16 22 Greatest Support 48 | 40 40 8 48 48 48 48 Greatest Overweight (x) 3 | . 3 1 3 . . 2 Average Overweight (x) . | . . 1 . . . . Largest Inventory Capacity 8 | 8 8 8 8 8 8 8 Average Capacity 7 | 6 8 8 8 8 8 8 Most Carried 8 | 2 8 8 8 8 8 8 Average Carried 7 | 1 5 7 7 7 7 6 Final Capacity 8 | 8 8 8 8 8 8 8 Final Carried 8 | 2 8 6 7 8 8 6 Class Distribution -------------------- 64% | Gunner 31% | Mutant 3% | Scavenger-Mutant Dominant Class ---------------- Mutant | -10/Materials Mutant | -10/Mines Gunner | -9/Materials Gunner | -9/Mines Gunner | -7/Zion Mutant | -6/Proximity Caves Resources | -11 -10 -10 -9 -9 -7 -6 ----------- Run | Yrd Mat Min Mat Min Zio Pro Matter Collected 701 | 137 293 128 95 10 . 38 Remotely . | . . . . . . . Salvage Created 813 | . 293 111 240 51 . 118 Parts 61 | . 25 11 14 6 . 5 Haulers Intercepted . | . . . . . . . Recyclers Shooed 2 | . . 2 . . . . Parts Field Recycled . | . . . . . . . Retrieved Matter . | . . . . . . . Parts Self-Destructed 8 | . . . . . . 8 Prevented 2 | . . . . . . 2 Kills | -11 -10 -10 -9 -9 -7 -6 ------- Run | Yrd Mat Min Mat Min Zio Pro Combat Hostiles Destroyed 25 | . 8 7 3 3 . 4 Guns 22 | . 8 7 3 3 . 1 AOE 3 | . . . . . . 3 Classes Destroyed 7 | . 5 . 2 . . . Worker 2 | . 1 . 1 . . . Recycler 1 | . 1 . . . . . Operator 1 | . 1 . . . . . Watcher 1 | . . . 1 . . . Swarmer 18 | . 6 7 . 3 . 2 Grunt 4 | . 2 . . . . 2 Sentry 3 | . . . 3 . . . Best Kill Streak 5 | . 5 3 3 3 . 4 Combat Bots Only 4 | . 4 3 2 3 . 4 Max Kills in Single Turn 1 | . 1 1 1 1 . 1 Gunslinging . | . . . . . . . Exploded 1 | . . . . . . 1 Melee . | . . . . . . . Uniques/NPCs Destroyed . | . . . . . . . Combat | -11 -10 -10 -9 -9 -7 -6 -------- Run | Yrd Mat Min Mat Min Zio Pro Hostile Shots Fired 140 | . 47 20 16 13 . 44 Missed 36 | . 10 5 4 4 . 13 Damage Taken 1548 | . 430 149 179 80 . 710 Core 320 | . 49 21 44 27 . 179 Absorbed by Shields . | . . . . . . . Core Remaining (%) 86 | 100 . 72 . . . . Volleys Fired 91 | . 36 14 20 5 3 13 Largest 3 | . 2 2 3 3 3 3 Hottest 80 | . 40 40 80 80 80 80 Shots Fired 201 | . 67 26 60 15 9 24 Gun 199 | . 67 26 60 15 9 22 Cannon . | . . . . . . . Launcher . | . . . . . . . Special 2 | . . . . . . 2 Kinetic 169 | . 67 26 40 10 6 20 Thermal . | . . . . . . . Explosive 2 | . . . . . . 2 Electromagnetic 30 | . . . 20 5 3 2 Robot Hit Streak 10 | . 10 7 8 3 . 4 Robot Miss Streak 5 | . 3 2 5 3 . 1 Penetration Max . | . . . . . . . Secondary Targets 6 | . 2 1 1 1 . 1 Max Gunslinging Chain 1 | . 1 1 1 1 . 1 Shots Hit Robots 116 | . 46 17 30 6 . 17 Core Hits 59 | . 22 10 14 3 . 10 Critical Kills . | . . . . . . . Critical Parts Destroyed . | . . . . . . . Critical Strikes . | . . . . . . . Melee Attacks . | . . . . . . . Impact . | . . . . . . . Slashing . | . . . . . . . Piercing . | . . . . . . . Sneak Attacks . | . . . . . . . Combat Hostiles . | . . . . . . . Follow-up Attacks . | . . . . . . . Damage Inflicted 1548 | 3 461 159 340 74 . 511 Guns 1117 | . 449 136 340 74 . 118 Cannons . | . . . . . . . Explosions 315 | . . . . . . 315 Melee . | . . . . . . . Ramming 47 | 3 12 23 . . . 9 Kinetic 869 | . 449 136 159 28 . 97 Thermal 115 | . . . . . . 115 Explosive 200 | . . . . . . 200 Electromagnetic 248 | . . . 181 46 . 21 Impact . | . . . . . . . Slashing 69 | . . . . . . 69 Piercing . | . . . . . . . Highest Corruption . | . . . . . . . Average Corruption . | . . . . . . . Corruption Purged . | . . . . . . . Corruption Blocked . | . . . . . . . Overload Shots . | . . . . . . . Overflow Damage 1 | . . . . . . 1 Projectiles . | . . . . . . . Explosions 1 | . . . . . . 1 Melee . | . . . . . . . Knockbacks . | . . . . . . . Impact . | . . . . . . . Kinetic . | . . . . . . . Secondary . | . . . . . . . Self-Inflicted Damage 45 | . 3 11 . . . 31 Shots 1 | . . . . . . 1 Rammed 9 | 2 2 5 . . . . Targets Rammed 19 | 2 2 5 . . . 10 Kicked 10 | . . . . . . 10 Crushed . | . . . . . . . Highest Temperature 275 | . 18 8 275 78 79 66 Average Temperature 57 | . 7 4 110 40 45 19 Received Heat Transfer 363 | . 156 . 72 . . 135 Siege Activations . | . . . . . . . Robots Corrupted . | . . . . . . . Combat Hostiles . | . . . . . . . Parts Fried 1 | . . . 1 . . . Impact Corruptions . | . . . . . . . Robots Melted . | . . . . . . . Combat Hostiles . | . . . . . . . Parts Melted . | . . . . . . . Heat Transferred 150 | . . . . . . 150 Parts Sabotaged . | . . . . . . . Parts Stolen . | . . . . . . . Parts Stripped . | . . . . . . . Power Chain Reactions 1 | . . . . . . 1 Alert | -11 -10 -10 -9 -9 -7 -6 ------- Run | Yrd Mat Min Mat Min Zio Pro Peak Influence 311 | . 299 311 179 139 . . Initial 116 | . . 116 42 69 . . Average 140 | . 151 195 94 126 . . Maximum Alert Level 1 | . 1 1 . . . . Low Security (%) 77 | 100 71 60 100 100 . . Level 1 22 | . 28 39 . . . . Level 2 . | . . . . . . . Level 3 . | . . . . . . . Level 4 . | . . . . . . . Level 5 . | . . . . . . . High Security . | . . . . . . . Max Security . | . . . . . . . Squads Dispatched 2 | . . . 1 . . 1 Investigation 1 | . . . 1 . . . Extermination . | . . . . . . . Reinforcement . | . . . . . . . Assault 1 | . . . . . . 1 Garrison . | . . . . . . . Intercept . | . . . . . . . Searches Triggered . | . . . . . . . Construction Impeded . | . . . . . . . Haulers Reinforced . | . . . . . . . Active Scanning Responses . | . . . . . . . Cargo Convoy Interrupts . | . . . . . . . Stealth | -11 -10 -10 -9 -9 -7 -6 --------- Run | Yrd Mat Min Mat Min Zio Pro Distress Signals 3 | . 1 . 2 . . . Communications Jammed . | . . . . . . . Distress Signals . | . . . . . . . Times Spotted 41 | . 16 9 7 3 . 6 Peak Tracking Total 9 | . 6 4 4 2 . 9 Tactical Retreats 9 | . 3 3 . . . 3 Traps | -11 -10 -10 -9 -9 -7 -6 ------- Run | Yrd Mat Min Mat Min Zio Pro Traps Triggered 1 | . . . 1 . . . Indirectly . | . . . . . . . Trap Hack Attempts . | . . . . . . . Triggered . | . . . . . . . Disarmed . | . . . . . . . Reprogrammed . | . . . . . . . Reused . | . . . . . . . Traps Extracted . | . . . . . . . Installed . | . . . . . . . Triggered 1 | . . . . . . 1 Machines | -11 -10 -10 -9 -9 -7 -6 ---------- Run | Yrd Mat Min Mat Min Zio Pro Machines Disabled . | . . . . . . . Max in Single Turn . | . . . . . . . Machines Repaired . | . . . . . . . Machines Dismantled . | . . . . . . . Machines Sabotaged . | . . . . . . . Overloaded Fab Kills . | . . . . . . . Hacking | -11 -10 -10 -9 -9 -7 -6 --------- Run | Yrd Mat Min Mat Min Zio Pro Machines Accessed 6 | . 2 2 2 . . . Terminals 5 | . 2 1 2 . . . Fabricators . | . . . . . . . Repair Stations . | . . . . . . . Recycling Units . | . . . . . . . Scanalyzers . | . . . . . . . Garrison Access . | . . . . . . . Total Hacks 10 | . 3 3 4 . . . Successful 4 | . 1 1 2 . . . Failed 6 | . 2 2 2 . . . Catastrophic 1 | . . . 1 . . . Database Lockouts . | . . . . . . . Manual 7 | . . . 2 . 5 . Terminals 9 | . 3 2 4 . . . Fabricators . | . . . . . . . Repair Stations . | . . . . . . . Recycling Units . | . . . . . . . Scanalyzers . | . . . . . . . Garrison Access . | . . . . . . . Terminal Hacks 4 | . 1 1 2 . . . Record 1 | . . . 1 . . . Open Door 1 | . . 1 . . . . Alert Level 1 | . . . 1 . . . Locate Traps 1 | . 1 . . . . . Fabricator Hacks . | . . . . . . . Repair Station Hacks . | . . . . . . . Recycling Unit Hacks . | . . . . . . . Scanalyzer . | . . . . . . . Garrison Access Hacks . | . . . . . . . Unauthorized Hacks . | . . . . . . . Terminals . | . . . . . . . Fabricators . | . . . . . . . Repair Stations . | . . . . . . . Recycling Units . | . . . . . . . Scanalyzers . | . . . . . . . Garrison Access . | . . . . . . . Data Cores Recovered 1 | . 1 . . . . . Used . | . . . . . . . Hacking Detections 4 | . 2 1 1 . . . Full Trace Events . | . . . . . . . Feedback Events . | . . . . . . . Feedback Blocked . | . . . . . . . Robot Schematics Acquired 3 | . . . . . 3 . Robots Built . | . . . . . . . Authchips . | . . . . . . . Time . | . . . . . . . Total Robot Build Rating . | . . . . . . . Part Schematics Acquired 14 | . . . . . 14 . Parts Built . | . . . . . . . Authchips . | . . . . . . . Time . | . . . . . . . Total Part Build Rating . | . . . . . . . Parts Repaired . | . . . . . . . Time . | . . . . . . . Parts Recycled . | . . . . . . . Recycled Matter . | . . . . . . . Retrieved Matter . | . . . . . . . Retrieved Components . | . . . . . . . Parts Scanalyzed . | . . . . . . . Part Schematics Acquired . | . . . . . . . Parts Damaged . | . . . . . . . Bothacking | -11 -10 -10 -9 -9 -7 -6 ------------ Run | Yrd Mat Min Mat Min Zio Pro Used RIF Installer . | . . . . . . . Robots Hacked . | . . . . . . . Non-combat . | . . . . . . . Combat . | . . . . . . . Robot Hacks Applied . | . . . . . . . Relay Couplers Released . | . . . . . . . Fabnet Peak Effective % . | . . . . . . . Robots Rewired . | . . . . . . . Allies Hacked . | . . . . . . . Hacks Repelled . | . . . . . . . Allies | -11 -10 -10 -9 -9 -7 -6 -------- Run | Yrd Mat Min Mat Min Zio Pro Total Allies 4 | . . . . . 4 . Largest Group 4 | . . . . . 4 . Highest-Rated Group 153 | . . . . . 153 . Highest-Rated Ally 39 | . . . . . 39 . Total Orders . | . . . . . . . Ally Attacks . | . . . . . . . Total Damage . | . . . . . . . Kills . | . . . . . . . Allies Corrupted . | . . . . . . . Allies Melted . | . . . . . . . Intel | -11 -10 -10 -9 -9 -7 -6 ------- Run | Yrd Mat Min Mat Min Zio Pro Robot Analysis Total . | . . . . . . . Derelict Logs Recovered 2 | . . 1 . . 1 . Drone Launches . | . . . . . . . Drone Recoveries . | . . . . . . . Exploration | -11 -10 -10 -9 -9 -7 -6 ------------- Run | Yrd Mat Min Mat Min Zio Pro Turns Passed 2852 | 105 327 406 232 39 1612 131 Spaces Moved 2267 | 60 147 304 154 24 1511 67 Core 6 | 4 . . . . . 2 Treads 153 | 56 97 . . . . . Legs 22 | . . . . . . 22 Wheels 1720 | . . . 142 24 1511 43 Hover . | . . . . . . . Flight 366 | . 50 304 12 . . . Fastest Speed 50 | 50 117 117 100 100 100 100 Average Speed 107 | 152 146 117 102 100 100 108 Slowest Speed 285 | 160 280 117 285 100 100 150 Overloaded Moves . | . . . . . . . Propulsion Burnouts . | . . . . . . . Robots Hopped . | . . . . . . . Cave-ins Triggered . | . . . . . . . Exploration Rate (%) 32 | 5 22 70 21 14 89 5 Regions Visited 6 Branch Regions 4 Pre-discovered Areas . | . . . . . . . Known Exits Taken . | . . . . . . . Unknown Exits Taken 6 | 1 1 1 1 1 1 . Scrap Searched 5 | . . 2 . . 3 . Spaces Dug . | . . . . . . . Terrain Destroyed 46 | . . . . . . 46 Melee . | . . . . . . . Projectile . | . . . . . . . AOE 46 | . . . . . . 46 Terrain Rammed . | . . . . . . . Walls Destroyed . | . . . . . . . Machines Disabled . | . . . . . . . Actions | -11 -10 -10 -9 -9 -7 -6 --------- Run | Yrd Mat Min Mat Min Zio Pro Total 2535 | 69 199 334 192 29 1607 105 Wait 93 | . . 2 2 . 89 . Move 2261 | 59 146 303 153 23 1510 67 Hop . | . . . . . . . Pick Up 17 | 2 7 1 4 1 2 . Fast Attach 15 | 6 3 1 4 . . 1 Attach 6 | . 1 1 2 . . 2 Detach 3 | . . . 3 . . . Swap 3 | . 1 2 . . . . Drop 14 | . 3 5 4 . 2 . Fire 91 | . 36 14 20 5 3 13 Melee . | . . . . . . . Ram 6 | . 1 5 . . . . Kick 10 | . . . . . . 10 Crush 3 | 2 1 . . . . . Escape Stasis . | . . . . . . . Rewire 13 | . . . . . 1 12 Trap . | . . . . . . . Miscellaneous . | . . . . . . . Route ------- -11/Scrapyard -10/Materials -10/Mines -9/Materials -9/Mines -7/Zion (discovered 2 exits: Dee / [*Pro]) -6/Proximity Caves History --------- Turn | Location | Event 2 | -11/Scrapyard | Discovered new exit (range 16) 106 | -11/Scrapyard | Entered Materials 305 | -10/Materials | Discovered new exit (range 10) 316 | -10/Materials | Build established: Mutant 433 | -10/Materials | Entered Mines 634 | -10/Mines | Found the Drone Emporium 645 | -10/Mines | Found Prototype Device 705 | -10/Mines | Learned Materials garrison access intel 781 | -10/Mines | Discovered new exit (range 9) 839 | -10/Mines | Entered Materials 839 | -9/Materials | Evolved 2 slots: Propulsion x1, Weapon x1 1056 | -9/Materials | Discovered new exit (range 16) 1071 | -9/Materials | Entered Mines 1108 | -9/Mines | A Derelict revealed a hidden shortcut to a safe place 1110 | -9/Mines | Entered Zion 1143 | -7/Zion | Identified exit to Deep Caves 1221 | -7/Zion | Build established: Gunner 1498 | -7/Zion | Found Prototype Processor 1571 | -7/Zion | Found Prototype Special Weapon 1915 | -7/Zion | Imprinted 1917 | -7/Zion | Declared Zion's savior 2707 | -7/Zion | Discovered new exit (range 15) 2722 | -7/Zion | Entered Proximity Caves 2754 | -6/Proximity Caves | Attracted the attention of an 0b10 outpost 2773 | -6/Proximity Caves | Identified RU-N14's Throwing Claymores 2795 | -6/Proximity Caves | Lost 4 parts (2n2w) 2844 | -6/Proximity Caves | Core integrity fell below 50% 2853 | -6/Proximity Caves | Self-destructed Last Messages --------------- 02806_ Penetrated by Slug. 02808_ Lgt. Assault Rifle destroyed. 02811_ Penetrated by Slug. 02822_ Attempting to rewire Y-54 Guardian. 02835_ Penetrated by Slug. 02835_ Ion Engine destroyed. 02835_ Kicked Y-64 Sentinel. 02839_ Kicked Y-64 Sentinel out of the way. 02840_ Kicked Y-64 Sentinel. 02840_ Penetrated by Slug. 02840_ Machine disabled. 02841_ Kicked Y-64 Sentinel. 02843_ Penetrated by Slug. 02844_ The unstable cave ceiling collapses. 02844_ Kicked Y-64 Sentinel. 02845_ Kicked Y-64 Sentinel out of the way. 02846_ Penetrated by Slug. 02846_ Com. Wheel destroyed. 02849_ Carbon-fiber Leg destroyed. 02852_ Penetrated by Slug. Map ----- +----------------------------------------------------+ | ?????????????????????????????????????????????????? | | ?????????????????????????????????????????????????? | | ?????????????????????????????????????????????????? | | ?????????????????????????????????????????????????? | | ?????????????????????????????????????????????????? | | ?????????????????????????????????????????????????? | | ?????????????????????????????????????????????????? | | ?????????????????????????????????????????????????? | | ?????????????????????????????????????????????????? | | ?????????????????????????????????????????????????? | | ?????????????????????????????????????????????????? | | ?????????????????????????????????????????????????? | | ?????????????????????????????????????????????????? | | ?????????????????????????????????????????????????? | | ?????????????????????????????????????????????????? | | ?????????????????????????????????????????????????? | | ?????????????????????????????????????????????????? | | ?????????????????????????????????????????????????? | | ??????????????????##????????????##???????????????? | | ?????????????????## #??????????# #???????????????? | | ?????????????????# #???????## ##??????????????? | | ?????????????????# ######## # ###????????????? | | ?????????????????# # % % % # #????????????? | | ????????????????# #####;## # ##????????????? | | ????????????????## #"""Y""; #?????????????? | | ?????????????????# # #"Y@% ;%; ####????????????? | | ?????????????????# # #"%## #????????????? | | ?????????????????## # %# #?????? | | ??????????????????# #" # ### #????? | | ??????????????????# #" # ##?? # ????? | | ??????????????????# ### ### #???? #?# ?????? | | ??????????????????# #?## #??? ?????? | | ??????????????????## ###### # ##???????????? | | ???????????????????# #???????????? | | ???????????????????# ##???????????? | | ????????????????# ##### #####????????????? | | ????????????????# ##???####????????????????? | | ????????????????# ##????????????????????????? | | ????????????????## ##?????????????????????????? | | ?????????????????## ##??????????????????????????? | | ??????????????????## ????????????????????????????? | | ???????????????????##????????????????????????????? | | ?????????????????????????????????????????????????? | | ?????????????????????????????????????????????????? | | ?????????????????????????????????????????????????? | | ?????????????????????????????????????????????????? | | ?????????????????????????????????????????????????? | | ?????????????????????????????????????????????????? | | ?????????????????????????????????????????????????? | | ?????????????????????????????????????????????????? | +----------------------------------------------------+ Best States ------------- Heat Dissipation 28 Energy Generation 10 Energy Capacity 250 Matter Stores 400 Matter Capacity 400 Sight Range 16 Terrain Scan Density 10 Evasion (%) 45 Recoil Reduction 2 Item Schematics ----------------- Lrn. Missile Launcher | -7/Zion | Archive Hvy. Rocket Launcher | -7/Zion | Archive Imp. Carbon-fiber Leg | -7/Zion | Archive Adv. Signal Interpreter | -7/Zion | Archive KE Penetrator | -7/Zion | Archive Arc Projector | -7/Zion | Archive Angular Momentum Engine | -7/Zion | Archive Imp. Medium Armor Plating | -7/Zion | Archive Falx | -7/Zion | Archive Mak. Leg | -7/Zion | Archive Adv. Heat Sink | -7/Zion | Archive Imp. Field Recycling Unit | -7/Zion | Archive Adv. Terrain Scanner | -7/Zion | Archive Imp. Titanium Leg | -7/Zion | Archive Robot Schematics ------------------ G-47 Trooper | -7/Zion | Archive B-48 Gladiator | -7/Zion | Archive M-28 Smith | -7/Zion | Archive Fabricated ------------ Nothing Alien Tech Used ----------------- None Achievements -------------- Robot Respite The One Challenges ------------ None Game ------ Seed ExoskeletonRiotStreamer Manual? 0 Play Time 00:36:49 Cumulative 8.2 hours Start 2024.04.05 @ 14:14:39 End 2024.04.06 @ 15:57:43 Sessions 7 Manual Loads 0 Difficulty Rogue Special Mode None Game No. 15 Rogue 9 Adventurer 6 Explorer 0 Win Type - Total 0 Types 0/0/0/0/0/0/0/0/0 Lore% 14 Gallery% 13 Achievement% 14 Wizard Run 0 Options --------- Layout 0 ASCII 0 Keyboard 1 Movement Numpad Keybinds 0 Fullscreen 1 Font 18/SmallcapsGlow Map View 76x50 Zoom Use 0% Tactical HUD 1 Map Filters NONE Filters NONE Steam 1 RUN: bf40fecc-86fc-4d9b-90da-a13bce4e2e75